 Dungeon Crawl Stone Soup version 0.28.0 (webtiles) character file.

Game seed: 8674746283130293062

1300 mortz the Magician (level 8, -2/52 HPs)
             Began as a Djinni Conjurer on Feb 15, 2022.
             Slain by Duvessa (4 damage)
             ... on level 5 of the Dungeon.
             The game lasted 00:46:22 (5238 turns).

mortz the Magician (Djinni Conjurer)                Turns: 5238, Time: 00:46:22

Health: -2/52      AC:  6    Str:  6    XL:     8   Next: 87%
Gold:   192        EV: 12    Int: 23    God:
                   SH:  0    Dex: 11

rFire   + + .      SeeInvis .   n - +0 mace (protect)
rCold   x . .      Faith    .   (no shield)
rNeg    + . .      Spirit   .   x - +2 robe {Archmagi}
rPois   ∞          Reflect  .   (no helmet)
rElec   .          Harm     .   (no cloak)
rCorr   +          Rampage  .   a - +1 pair of gloves
Will    .....      Archmagi +   (boots unavailable)
Stlth   ++........              (no amulet)
HPRegen 0.17/turn               u - ring of positive energy
MPRegen 0.00/turn               F - ring of resist corrosion

@: flying
A: sickness immunity, fire resistance 2, cold vulnerability 1, float, innate
caster, HP casting, extra vitality 1
a: no special abilities


You were on level 5 of the Dungeon.
You visited 1 branch of the dungeon, and saw 6 of its levels.

You collected 192 gold pieces.

Inventory:

Hand Weapons
 g - a +0 long sword
 n - a +0 mace of protection (weapon)
 o - a +2 quarterstaff of chaos
 p - a +0 war axe
 B - a +0 great sword
Armour
 a - a +1 pair of gloves (worn)
 q - a +2 leather armour of willpower
 x - a +2 robe of the Archmagi (worn)
 y - a +0 leather armour of fire resistance
Jewellery
 m - an amulet of faith
 u - a ring of positive energy (left hand)
 F - a ring of resist corrosion (right hand)
Wands
 e - a wand of digging (5)
 s - a wand of mindburst (8)
 A - a wand of polymorph (10)
 E - a wand of acid (5)
Scrolls
 c - 2 scrolls of amnesia
 f - 4 scrolls of identify
 h - a scroll of noise {unknown}
 i - a scroll of immolation
 j - 2 scrolls of magic mapping {unknown}
 k - 2 scrolls of silence
 l - a scroll of teleportation {unknown}
 v - a scroll of summoning
 w - a scroll of enchant weapon {unknown}
 z - a scroll of fog {unknown}
Potions
 b - a potion of haste {unknown}
 d - a potion of magic {unknown}
 r - a potion of heal wounds {unknown}
 t - 2 potions of brilliance
 C - a potion of curing {unknown}
 D - a potion of berserk rage {unknown}
 G - a potion of resistance {unknown}


   Skills:
 + Level 1.2 Fighting
 * Level 3.2 Maces & Flails
 + Level 4.3 Armour
 + Level 3.1 Dodging
 + Level 3.0 Stealth
 + Level 6.2 Spellcasting
 + Level 0.2 Evocations


You couldn't memorise any spells.
You knew the following spells:

 Your Spells              Type           Power      Damage    Failure   Level
a - Magic Dart            Conj           100%       1d8       1%          1
b - Searing Ray           Conj           100%       2d8       1%          2
c - Dazzling Flash        Conj/Hex       100%       N/A       1%          3
d - Fulminant Prism       Conj/Hex       26%        3d14      6%          4
e - Iskenderun's Mystic   Conj/Tloc      52%        2d11      6%          4
f - Freeze                Ice            100%       1d11      1%          1
g - Blink                 Tloc           100%       N/A       1%          2
h - Gell's Gravitas       Tloc           52%        N/A       1%          3
Your spell library was empty.

Dungeon Overview and Level Annotations

Branches:
Dungeon (6/15)
 Temple: D:4-7

Altars:
Elyvilon

Annotations:
D:5 Dowan, Duvessa


Innate Abilities, Weirdness & Mutations

You are immune to sickness and miasma.
You are immune to poison.
Your flesh is very heat resistant. (rF++)
You are vulnerable to cold. (rC-)
You float through the air rather than walking.
You learn spells naturally, not from books.
Your magical power is your life essence.
You have superior vitality. (+4 MHP)


Message History

You feel a surge of power!
The magic dart hits Duvessa but does no damage.
Duvessa is lightly wounded.
Dowan shouts!
Aiming: Magic Dart (safe; 1% risk of failure)
Press: ? - help, Q - select action, (/) - cycle Shift-Dir - straight line, f/p - Duvessa
Aim: Duvessa, wielding a +0 short sword of draining and wearing a +0 ring mail (lightly wounded, 100% to hit)
You feel a surge of power!
The magic dart hits Duvessa.
Duvessa is moderately wounded.
Casting: Magic Dart (safe; 1% risk of failure)
Confirm with . or Enter, or press ? or * to list all spells.
Aiming: Searing Ray (safe; 1% risk of failure)
Press: ? - help, Shift-Dir - straight line, f/p - Duvessa
Aim: Duvessa, wielding a +0 short sword of draining and wearing a +0 ring mail (moderately wounded, 87% to hit)
You feel a surge of power!
The searing ray hits Duvessa!
Duvessa is heavily wounded. (Press . to maintain the ray.)
The searing ray hits Duvessa.
Duvessa is heavily wounded.
The searing ray misses Duvessa.
The searing ray hits Duvessa!
Duvessa is severely wounded.
The searing ray hits Dowan!
Dowan is moderately wounded.
You finish channelling your searing ray.
Dowan gestures at Duvessa while chanting.
Duvessa seems to speed up.
Duvessa hits you but does no damage.
Duvessa hits you with a +0 short sword of draining.
Dowan gestures at you while chanting. The puff of frost hits you!
You feel a terrible chill!
Duvessa hits you with a +0 short sword of draining!
Duvessa hits you with a +0 short sword of draining!
* * * LOW HITPOINT WARNING * * *
Duvessa hits you with a +0 short sword of draining.
* * * LOW HITPOINT WARNING * * *
Dowan mumbles some strange words.
Dowan blinks!
There is a stone staircase leading up here.
Duvessa hits you with a +0 short sword of draining.
You die...

#.......####.#....#
##.............####
#.......###..###
#.......###.##
#.......##..#
##.....###.##
##...###e.#####
######e........
###@..#######
########...###
#........###
#......### #.....##
#.....# #....)#
##### #.....#
##...# #.....###
###..###


You could see Duvessa (fast) and Dowan.

Vanquished Creatures
  Sigmund (D:4)
  The ghost of a3don the Conjurer, an amateur KoCj (D:4)
  An ice beast (D:4)
  A necrophage (D:4)
  3 ogres
  A scorpion (D:4)
  2 hounds (D:4)
  A jelly (D:4)
  4 orc priests
  Crazy Yiuf (D:2)
  A bullfrog skeleton (D:4)
  An iguana (D:5)
  A hound zombie (D:5)
  7 gnolls
  9 adders
  An adder skeleton (D:4)
  A worm (D:2)
  6 dart slugs
  9 orcs
  An endoplasm (D:3)
  4 giant cockroaches
  5 hobgoblins
  14 jackals
  5 kobolds
  A quokka (D:1)
  7 ball pythons
  5 bats
  5 frilled lizards
  2 goblins
  A jackal skeleton (D:4)
  A rat (D:2)
103 creatures vanquished.

Vanquished Creatures (others)
  2 withered plants (D:4)
2 creatures vanquished.

Grand Total: 105 creatures vanquished

Notes
Turn   | Place    | Note
-------+----------+-------------------------------------------
     0 | D:1      | mortz the Djinni Conjurer began the quest for the Orb.
     0 | D:1      | Reached XP level 1. HP: 15/15 MP: 0/0
   170 | D:1      | Reached XP level 2. HP: 16/21 MP: 0/0
   557 | D:1      | Reached XP level 3. HP: 22/25 MP: 0/0
   557 | D:1      | Learned a level 1 spell: Freeze
   587 | D:1      | Found a faded altar of an unknown god.
   979 | D:2      | Reached skill level 4 in Spellcasting
  1372 | D:2      | Found a runed translucent door.
  1373 | D:2      | Noticed Crazy Yiuf
  1389 | D:2      | Killed Crazy Yiuf
  1390 | D:2      | Reached skill level 1 in Armour
  1390 | D:2      | Reached XP level 4. HP: 12/31 MP: 0/0
  1948 | D:3      | Reached XP level 5. HP: 18/35 MP: 0/0
  1948 | D:3      | Learned a level 2 spell: Blink
  2194 | D:3      | Found a white marble altar of Elyvilon.
  2890 | D:4      | Noticed a necrophage
  2890 | D:4      | You are sucked into a shaft and drop 2 floors!
  2945 | D:6      | Reached skill level 1 in Maces & Flails
  2945 | D:6      | Reached XP level 6. HP: 18/40 MP: 0/0
  3136 | D:5      | Entered Level 5 of the Dungeon
  3140 | D:5      | Noticed an ogre
  3147 | D:5      | Killed an ogre
  3555 | D:4      | Found a runed translucent door.
  3560 | D:4      | Noticed a3don's ghost (amateur KoCj)
  3577 | D:4      | Noticed an ogre
  3585 | D:4      | Killed an ogre
  3586 | D:4      | Reached skill level 5 in Spellcasting
  3586 | D:4      | Reached XP level 7. HP: 39/46 MP: 0/0
  3586 | D:4      | Learned a level 3 spell: Gell's Gravitas
  3922 | D:4      | Noticed Sigmund
  4033 | D:4      | Reached XP level 8. HP: 44/51 MP: 0/0
  4124 | D:4      | Killed Sigmund
  4125 | D:4      | Reached skill level 1 in Fighting
  4425 | D:4      | Reached skill level 6 in Spellcasting
  4737 | D:4      | Killed a3don's ghost
  5220 | D:5      | Noticed Duvessa
  5222 | D:5      | Noticed Dowan
  5236 | D:5      | HP: 2/52 [Duvessa (5)]
  5238 | D:5      | Slain by Duvessa

Illustrated notes

Levels and vault maps discovered:
D:1:      lemuel_arrival_behind_the_door_small, layout_rooms,
          hellmonk_ecumenical_altar_blasted
D:2:      layout_rooms, minmay_misc_feat_enclosed, uniq_crazy_yiuf_cottage
D:3:      layout_loops_ring, mainiacjoe_overflow_24_doors
D:4:      layout_rooms, enter_ossuary_2, gammafunk_ghost_grave, st_stairs_2,
          kennysheep_small_circle, uniq_sigmund
D:5:      layout_rooms, serial_curves, eino_curves_04, eino_curves_02,
          uniq_duvessa
D:6:      layout_cave_pools

Skill      XL: |  1  2  3  4  5  6  7  8 |
---------------+-------------------------+-----
Spellcasting   | 4 5 6 |  6.2
Armour         | 1 2 3 4 |  4.3
Maces & Flails | 1 2 3 |  3.2
Stealth        | 2 3 |  3.0
Fighting       | 1 |  1.2
Dodging        | 3 |  3.1
Evocations     | |  0.2

Action                   |  1- 3 |  4- 6 |  7- 9 || total
-------------------------+-------+-------+-------++-------
Melee: Long sword        |     4 |       |       ||     4
       Mace              |     1 |     9 |     6 ||    16
       Punch             |       |     1 |       ||     1
 Cast: Magic Dart        |    51 |    71 |    45 ||   167
       Searing Ray       |     2 |    12 |    20 ||    34
Evoke: Wand              |       |       |     4 ||     4
  Use: Scroll            |       |       |     3 ||     3
Armor: Leather armour    |     1 |     5 |     5 ||    11
       Robe              |       |       |     4 ||     4
Dodge: Dodged            |     7 |    14 |     7 ||    28
